Unix NetHack Version 3.7.0-84 Work-in-progress - last build May 8 2023 02:49:33 (a521f9c9ba282fe1dbcfd9214424a180692735d4,branch:master). Game began 2023-05-19 17:22:57, ended 2023-05-21 13:26:12. spontiff, neutral male gnomish Healer ------------------------ |................^/=^..| |..-------------------.| ----.| ----- |.| |*.|.-- --...| |.| |...%.|--|.0..| |.| |.....|..|.00.| |.| --....|.....0-- |.| |.......|...| ------|.| |....|..|...| --|.....|.| |....---|...| |.+.....|.| |.......|..-- |-|.....|.| ----....|.-- |.+.....+.| ---.--.| |-|.....|-- |.@a..| |.+.....| |>.|..| --|.....| ------- ------- Spontiff the Rhizotomist St:14 Dx:12 Co:17 In:11 Wi:16 Ch:16 Neutral S:500 Dlvl:3 $:0 HP:0(39) Pw:5(5) AC:-10 Xp:1/0 T:18861 Latest messages: In what direction? b Status of the soldier ant (neutral): Level 4 HP 9(18) AC 3. You are empty handed. What do you want to use or apply? [fklostwxS or ?*] s In what direction? j Status of the large dog (neutral): Level 9 HP 52(72) AC 4, tame, fast. The soldier ant misses! The soldier ant misses! The large dog bites the soldier ant. The soldier ant misses the large dog. The soldier ant stings the large dog. The soldier ant's sting was poisoned! The poison was deadly... The large dog is killed! #oh fuck right off: unknown extended command. What do you want to use or apply? [fklostwxS or ?*] w In what direction? b The soldier ant ignores its reflection. The soldier ant misses! The soldier ant stings! What do you want to use or apply? [fklostwxS or ?*] w In what direction? b The soldier ant is frightened by its reflection. There is a partly eaten ape corpse here; eat it? [ynq] (n) y You resume your meal. You stop eating the ape corpse. There is a partly eaten ape corpse here; eat it? [ynq] (n) y You resume your meal. The Woodland-elf wields a runed broadsword! The soldier ant misses! You stop eating the ape corpse. The soldier ant stings! #oh ffs: unknown extended command. #bastards: unknown extended command. The Woodland-elf swings her runed broadsword. The Woodland-elf hits! The Woodland-elf swings her runed broadsword. The Woodland-elf hits! The soldier ant misses! The soldier ant stings! The soldier ant bites! The soldier ant stings! What do you want to use or apply? [fklostwxS or ?*] w In what direction? y The soldier ant is frightened by its reflection. The soldier ant misses! The soldier ant stings! You die... Do you want your possessions identified? [ynq] (y) y Do you want to see the dungeon overview? [ynq] (y) y Inventory: Armor h - a blessed +1 orcish helm (being worn) g - an uncursed +1 pair of leather gloves (being worn) v - an uncursed +0 pair of water walking boots (being worn) r - a blessed +1 small shield (being worn) q - a blessed +2 dwarvish cloak (being worn) d - an uncursed +0 leather jacket (being worn) Comestibles y - an uncursed apple n - an uncursed food ration D - an uncursed partly eaten food ration p - an uncursed tripe ration Potions c - an uncursed diluted potion of extra healing Wands S - an uncursed wand of sleep (0:0) Tools f - an uncursed bag of holding containing 29 items x - an uncursed brass lantern o - an uncursed magic whistle w - an uncursed mirror k - an uncursed skeleton key s - an uncursed stethoscope t - an uncursed towel named PoSl Gems/Stones E - an uncursed jacinth stone l - an uncursed luckstone Contents of the bag of holding: 433 gold pieces an uncursed rotted +0 elven leather helm an uncursed +0 cloak of invisibility an uncursed food ration 4 uncursed food rations an uncursed scroll of identify a blessed scroll of teleportation a cursed scroll of teleportation a blessed spellbook of healing an uncursed diluted potion of extra healing an uncursed potion of gain ability an uncursed potion of object detection 2 uncursed potions of water an uncursed ring of levitation an uncursed ring of stealth an uncursed ring of sustain ability an uncursed wand of digging (0:6) a blessed wand of enlightenment (0:11) an uncursed wand of locking (0:4) an uncursed wand of secret door detection (0:15) an uncursed wand of secret door detection (0:14) an uncursed wand of slow monster (0:8) an uncursed wand of speed monster (0:4) an uncursed wand of striking (0:3) an empty uncursed sack an uncursed brass lantern an uncursed oil lamp an uncursed pair of lenses an uncursed +0 pick-axe Spontiff the Healer's attributes: Background: You were a Rhizotomist, a level 1 male gnomish Healer. You were neutral, on a mission for Hermes who was opposed by Athena (lawful) and Poseidon (chaotic). You were in Sokoban, on level 3. You entered the dungeon 18861 turns ago. There was a new moon in effect when your adventure ended. You had 0 experience points, 20 were needed to attain level 2. Your score was 500 before end-of-game adjustments. Basics: You had 0 out of 39 hit points. You had all 5 energy points (spell power). Your armor class was -10. Your wallet was empty, but you had 433 zorkmids stashed away in your pack. Autopickup was on for '$!/="?' plus thrown, with exceptions. Final Characteristics: Your strength was 14 (limit:18/50). Your dexterity was 12 (limit:18). Your constitution was 17 (limit:18). Your intelligence was 11 (limit:19). Your wisdom was 16 (limit:18). Your charisma was 16 (limit:18). Final Status: You were not hungry. You were unencumbered. You were empty handed. You were unskilled in bare handed combat. Final Attributes: You were piously aligned. You were sleep resistant. You were poison resistant. You had infravision. You could walk on water. You had a moderate defense bonus (+10). You were warded. You had extra luck. Bad luck did not time out for you. Good luck did not time out for you. You are dead. Miscellaneous: You never encountered a bones level. Total elapsed playing time was 4 hours, 55 minutes and 55 seconds. Major events: Turn 1: spontiff the neutral male gnomish Healer entered the dungeon 1710: entered the Gnomish Mines 6324: reached Mine Town 10009: entered Sokoban 10406: completed 1st Sokoban level 11113: completed 2nd Sokoban level 17815: completed 3rd Sokoban level 18861: killed by a soldier ant Vanquished creatures: a giant mimic a large mimic a small mimic a large dog an ettin zombie 3 watchmen a leprechaun a giant spider a dog a raven a gnome mummy an ape a human zombie a bugbear an imp a wood nymph 2 water nymphs 2 mountain nymphs 4 Mordor orcs an orc shaman 4 rock piercers a rock mole 2 ponies 3 shriekers 4 gnome leaders a gnomish wizard 4 gray oozes 5 elf zombies 4 giant ants 5 floating eyes 17 dwarves 3 homunculi a kobold leader a kobold shaman 2 hill orcs 8 rothes a centipede 4 giant bats 5 monkeys 9 orc zombies 7 dwarf zombies 3 wererats 4 werejackals 8 iguanas 6 acid blobs 10 coyotes 2 gas spores 7 hobbits 2 manes 5 large kobolds 2 hobgoblins 15 giant rats 7 cave spiders 3 brown molds 8 yellow molds 2 green molds 4 red molds 30 gnomes 3 garter snakes 6 gnome zombies 18 geckos 35 jackals 7 foxes 10 kobolds 12 goblins 4 sewer rats 33 grid bugs 2 bats 24 lichens 6 kobold zombies 28 newts 424 creatures vanquished. No species were genocided or became extinct. Voluntary challenges: You never hit with a wielded weapon. You were a pacifist. You read items or engraved 4 times. You never engraved Elbereth. You never genocided any monsters. You never polymorphed an object. You used no wishes. You violated the special Sokoban rules thrice. Achievements: You entered the Gnomish Mines. You entered a shop. You entered Minetown. You entered a temple. You entered Sokoban. The Dungeons of Doom: levels 1 to 9 Level 1: An altar. Level 2: Level 3: A weapon shop. Stairs down to The Gnomish Mines. Level 4: A general store. Level 5: "vault" Level 6: Many fountains. Oracle of Delphi. Level 7: Stairs up to Sokoban, level 6. Level 8: Some altars, some fountains. Level 9: The Gnomish Mines: levels 4 to 11 Level 4: Level 5: Level 6: Many shops, a temple, some fountains, some trees. Level 7: Level 8: Level 9: "magic trap" Level 10: Level 11: "Catacombs" Sokoban: levels 6 up to 3 Level 3: <- You were here. Unsolved. Final resting place for you, killed by a soldier ant. Level 4: Solved. Level 5: Solved. Level 6: Solved. Game over: ---------- / \ / REST \ / IN \ / PEACE \ / \ | spontiff | | 433 Au | | killed by a | | soldier ant | | | | | | 2023 | *| * * * | * _________)/\\_//(\/(/\)/\//\/|_)_______ Goodbye spontiff the Healer... You died in Sokoban on dungeon level 3 with 500 points, and 433 pieces of gold, after 18861 moves. You were level 1 with a maximum of 39 hit points when you died.